Map: Odyssey LE

Players

Maverick

  • Race: Terran Terran
  • League: Diamond
  • Spawn Location: 11:00

Marticus - Winner!

  • Race: Terran Terran
  • League: Diamond
  • Spawn Location: 5:00

VOD

Have the link to the VOD?

Description

Time

  • Played on: June 1, 2017, 3:57 p.m.
  • Length: 14:13
Show
View Real Time Build Order
Export as new Build Order

Maverick Terran 

Build Orders: 1/1/1, Bio Tank 

Get SALT Encoding   

  12  0:01  SCV  
  13  0:14  SCV  
  14  0:19  Supply Depot  
  14  0:26  SCV  
  15  0:41  SCV  
  16  0:42  Barracks  
  16  0:48  Refinery  
  16  0:53  SCV  
  17  0:58  Refinery  
  17  1:05  SCV  
  18  1:17  SCV  
  19  1:30  Marine, Orbital Command  
  20  1:37  Factory  
  20  1:46  Supply Depot  
  20  1:48  Marine  
  21  1:55  SCV  
  22  2:07  Marine, SCV  
  24  2:19  SCV  
  24  2:20  Factory Tech Lab  
  25  2:23  Starport  
  25  2:25  Marine  
  26  2:38  Siege Tank  
  29  2:46  Command Center  
  29  2:50  SCV  
  30  2:56  Supply Depot  
  30  2:59  Starport Tech Lab  
  30  3:02  SCV  
  31  3:18  SCV  
  32  3:20  Engineering Bay  
  32  3:26  Supply Depot  
  32  3:28  Raven  
  32  3:30  SCV  
  35  3:42  SCV  
  35  3:47  Marine  
  37  3:48  Siege Tank  
  37  3:54  SCV  
  41  3:58  Missile Turret  
  41  4:06  SCV  
  42  4:11  Marine  
  42  4:12  Barracks  
  42  4:13  Viking  
  45  4:17  Orbital Command  
  45  4:28  SCV  
  45  4:29  Marine  
  47  4:38  Refinery  
  47  4:40  SCV  
  47  4:42  Siege Tank  
  47  4:44  SCV  
  52  4:52  SCV  
  53  4:53  Marine  
  53  4:56  SCV  
  55  5:04  SCV  
  55  5:06  Refinery  
  56  5:10  SCV  
  56  5:13  Supply Depot  
  57  5:14  Siege Tank  
  57  5:15  Starport Reactor  
  57  5:18  SCV  
  61  5:26  SCV  
  61  5:28  Command Center  
  62  5:33  Stimpack  
  62  5:35  Marine, SCV  
  64  5:37  Supply Depot  
  64  5:45  Marine  
  64  5:47  SCV  
  66  5:50  SCV  
  67  5:59  Supply Depot, SCV  
  67  6:00  Siege Tank  
  67  6:02  Viking  
  67  6:03  Barracks Reactor, SCV  
  74  6:11  SCV  
  75  6:14  Viking  
  75  6:15  SCV  
  78  6:20  Marine  
  78  6:22  Supply Depot  
  80  6:25  SCV  
  80  6:27  SCV  
  80  6:32  Siege Tank, Factory  
  84  6:35  Terran Infantry Weapons Level 1  
  84  6:37  SCV  
  85  6:41  Orbital Command  
  85  6:44  Supply Depot  
  85  6:51  SCV x2  
  86  6:58  Orbital Command  
  86  6:59  Missile Turret  
  86  7:02  Missile Turret  
  86  7:11  Supply Depot  
  86  7:13  SCV x2  
  88  7:24  SCV  
  88  7:25  SCV x2  
  88  7:27  Factory Tech Lab  
  88  7:28  Siege Tank  
  94  7:30  Sensor Tower  
  94  7:31  Viking  
  94  7:32  Viking  
  94  7:33  Armory  
  94  7:37  SCV  
  99  7:38  Supply Depot  
  99  7:39  SCV x2  
  99  7:43  Refinery  
  101  7:47  Refinery  
  101  7:48  Missile Turret  
  101  7:50  SCV, Missile Turret  
  101  7:51  SCV  
  103  7:57  SCV  
  104  7:58  Command Center  
  104  8:03  SCV  
  105  8:07  Siege Tank x2  
  111  8:13  Supply Depot, SCV x2  
  111  8:14  Marine, Combat Shields  
  114  8:20  SCV  
  114  8:25  SCV  
  114  8:26  Barracks  
  116  8:28  Barracks, SCV  
  116  8:29  Terran Vehicle Weapons Level 1  
  116  8:32  SCV  
  118  8:37  Supply Depot  
  118  8:38  SCV  
  118  8:40  SCV, Siege Tank x2  
  126  8:42  Terran Infantry Weapons Level 2  
  126  8:48  Engineering Bay  
  126  8:50  SCV x2  
  128  9:00  Marine x3  
  128  9:01  Supply Depot  
  131  9:10  Viking x2  
  135  9:18  Marine  
  135  9:19  Barracks Reactor x2  
  135  9:20  Terran Infantry Armor Level 1  
  136  9:25  Sensor Tower  
  136  9:26  Supply Depot  
  136  9:27  Siege Tank x2  
  136  9:30  Marine x2  
  144  9:38  Factory  
  144  9:40  Factory  
  144  9:41  Marine  
  144  9:42  Missile Turret  
  144  9:44  Missile Turret  
  144  9:48  Marine x2  
  146  9:53  SCV  
  146  9:55  Planetary Fortress  
  147  10:03  Missile Turret  
  147  10:04  Siege Tank x2  
  147  10:06  Missile Turret  
  152  10:15  Marine x2  
  152  10:16  Marine x5  
  152  10:18  Viking x2  
  159  10:33  Marine x4  
  159  10:34  Marine  
  121  10:36  Siege Tank x2  
  121  10:38  Factory Tech Lab  
  121  10:39  Factory Tech Lab  
  106  10:50  Marine x2  
  106  10:51  Marine x2, Viking x2  
  114  11:08  Siege Tank  
  114  11:11  Marine x2, SCV x2  
  104  11:12  Marine x5  
  104  11:14  Siege Tank x2  
  113  11:21  Viking x2  
  117  11:29  Marine x3  
  117  11:30  Marine x4  
  115  11:34  Siege Tank  
  115  11:35  Terran Vehicle Weapons Level 2  
  99  11:40  Siege Tank  
  99  11:46  Siege Tank  
  96  11:47  Marine x7  
  97  11:56  SCV  
  97  11:57  SCV x2  
  98  12:05  Marine x7  
  93  12:08  SCV  
  93  12:09  SCV  
  93  12:14  Siege Tank  
  94  12:16  Siege Tank  
  97  12:22  Marine x2  
  97  12:23  Marine x3  
  95  12:31  Siege Tank  
  95  12:35  Marine x2  
  100  12:40  Marine  
  98  12:49  Marine  
  95  13:05  Siege Tank  
  98  13:13  Siege Tank x3  
  98  13:15  Viking  
  109  13:30  Orbital Command  
  108  13:37  Siege Tank  
  108  13:38  Refinery  
  108  13:40  Refinery  
Show
View Real Time Build Order
Export as new Build Order

Marticus Terran - Winner!

Build Orders: Reaper Expand, Bio Tank 

Get SALT Encoding   

  12  0:00  SCV  
  13  0:13  SCV  
  14  0:17  Supply Depot  
  14  0:25  SCV  
  15  0:29  Refinery  
  15  0:39  SCV  
  16  0:45  Barracks  
  16  0:51  SCV  
  17  1:03  SCV  
  18  1:15  SCV  
  19  1:32  Orbital Command  
  19  1:33  Reaper  
  20  1:43  Command Center  
  20  1:53  Factory  
  20  1:58  SCV  
  21  2:10  Barracks Reactor, SCV  
  22  2:16  Supply Depot  
  22  2:20  Refinery  
  23  2:22  SCV  
  23  2:38  Hellion, SCV  
  26  2:45  Starport  
  26  2:46  Marine  
  26  2:47  Marine  
  26  2:51  SCV  
  29  2:55  Orbital Command  
  29  3:04  Marine x2  
  31  3:07  Cyclone  
  31  3:11  SCV  
  35  3:20  SCV  
  35  3:22  Marine  
  35  3:26  SCV  
  38  3:32  SCV  
  38  3:33  Viking  
  40  3:38  SCV  
  40  3:40  Supply Depot, Factory Tech Lab  
  41  3:42  Marine  
  41  3:43  Marine  
  41  3:44  SCV  
  44  3:50  SCV  
  45  3:56  SCV  
  46  4:02  Supply Depot  
  46  4:03  SCV  
  46  4:08  SCV  
  46  4:09  Raven  
  48  4:11  Marine x2  
  48  4:12  Factory Tech Lab  
  48  4:15  SCV, Refinery  
  53  4:17  Refinery  
  53  4:21  SCV  
  54  4:25  Supply Depot  
  54  4:27  SCV  
  54  4:29  Marine x2  
  57  4:33  SCV, Siege Tank  
  61  4:39  SCV  
  61  4:41  Supply Depot  
  62  4:46  SCV  
  62  4:47  Marine x2  
  62  4:51  SCV  
  62  4:52  Raven  
  66  4:58  SCV  
  69  5:03  SCV  
  69  5:05  Marine x2  
  72  5:10  SCV  
  72  5:11  Supply Depot  
  73  5:14  Supply Depot  
  73  5:17  SCV  
  74  5:23  SCV  
  74  5:25  Command Center  
  75  5:30  SCV  
  75  5:35  SCV, Engineering Bay x2  
  77  5:40  Siege Tank  
  77  5:42  Stimpack  
  81  5:43  Viking  
  81  5:44  Viking  
  85  5:51  Marine  
  85  6:03  SCV  
  85  6:04  SCV, Terran Infantry Armor Level 1, Terran Infantry Weapons Level 1  
  87  6:09  Marine  
  87  6:11  Supply Depot  
  88  6:12  Siege Tank  
  88  6:17  Viking  
  93  6:22  Viking  
  94  6:32  Marine  
  95  6:33  Supply Depot x2  
  95  6:40  Barracks  
  95  6:41  Barracks x2  
  95  6:42  Barracks  
  95  6:50  Marine  
  96  6:55  Viking x2  
  96  6:57  SCV x2, Armory, Orbital Command  
  102  7:13  Sensor Tower  
  102  7:15  SCV x2  
  104  7:16  Marine, Sensor Tower  
  104  7:19  Siege Tank  
  108  7:26  SCV  
  108  7:27  SCV x2  
  111  7:31  Supply Depot, Barracks Reactor x2  
  111  7:32  Barracks Reactor, Supply Depot  
  111  7:33  Barracks Reactor  
  111  7:38  SCV  
  111  7:43  Combat Shields  
  112  7:46  Refinery  
  112  7:47  Marine  
  117  7:53  SCV x3  
  116  8:03  Refinery  
  116  8:04  Marine  
  124  8:07  Terran Infantry Armor Level 2, Terran Infantry Weapons Level 2  
  124  8:09  Marine x4  
  124  8:10  Marine x4  
  125  8:19  Supply Depot  
  125  8:20  Supply Depot  
  125  8:22  Marine  
  125  8:25  Siege Tank  
  129  8:27  Marine x5  
  129  8:28  Marine x2  
  129  8:30  SCV x2  
  129  8:31  Command Center, SCV  
  139  8:36  Supply Depot  
  139  8:38  Terran Vehicle Weapons Level 1  
  139  8:40  Marine x2  
  141  8:41  Medivac  
  141  8:42  SCV  
  141  8:43  Medivac  
  141  8:45  Marine x3  
  141  8:47  Supply Depot  
  141  8:48  Marine x4  
  153  8:59  Marine x2  
  153  9:00  SCV  
  153  9:01  SCV  
  157  9:02  Marine  
  157  9:03  Marine  
  159  9:10  Marine  
  159  9:11  Marine x4  
  159  9:12  Siege Tank, Medivac  
  169  9:17  Marine x2, Factory  
  169  9:19  Medivac  
  169  9:20  Marine x2  
  175  9:30  Marine x5  
  180  9:32  SCV  
  180  9:33  Supply Depot  
  181  9:42  Marine x2, SCV, Medivac  
  185  9:55  Marine x4  
  185  9:56  Marine x3, Siege Tank  
  185  9:57  Medivac  
  197  10:00  Marine x2  
  197  10:01  Planetary Fortress  
  199  10:13  Marine  
  145  10:38  Marine x9  
  145  10:42  Siege Tank  
  150  10:55  Marine  
  150  10:56  Marine x8  
  156  11:13  Marine  
  156  11:14  Marine x8  
  159  11:31  Marine  
  159  11:32  Marine  
  158  11:33  Marine x7  
  163  11:41  Factory Tech Lab  
  163  11:42  Barracks x2  
  163  11:43  Barracks  
  151  11:49  Marine  
  148  11:54  Marine  
  148  11:55  Marine x7  
  148  11:56  Siege Tank  
  151  12:07  Marine  
  145  12:09  Siege Tank  
  145  12:10  Medivac x2  
  145  12:12  Marine  
  145  12:13  Marine x3  
  153  12:16  Marine  
  153  12:17  Marine x3  
  148  12:25  Marine  
  148  12:28  Siege Tank  
  152  12:30  Marine x2  
  152  12:31  Marine x2  
  152  12:34  Marine  
  152  12:36  Marine x3  
  154  12:39  Barracks Reactor, Medivac  
  154  12:40  Barracks Reactor x2, Medivac  
  154  12:41  Siege Tank  
  154  12:42  Marine  
  158  12:48  Marine x4  
  146  12:52  Marine  
  146  12:53  Marine  
  148  13:00  Siege Tank, Factory, Refinery  
  148  13:01  Refinery  
  151  13:08  Command Center  
  151  13:09  Medivac  
  153  13:13  Siege Tank  
  153  13:19  Marine x9  
  162  13:20  Marine x6  
  162  13:21  Medivac  
  173  13:32  Siege Tank  
  176  13:37  Marine x8  
  176  13:39  Medivac  
  176  13:40  Marine  
  176  13:41  Marine x5  
  188  13:42  Marine  
Tags
 
Add a new tag
Caveats
  • Supply blocks, unpowered buildings, or Contaminate may cause inaccurate times.
  • Supply counts are checked every 10 seconds.